 Dungeon Crawl Stone Soup version 0.27.0-1-g7a089689b8 (webtiles) character file.

Game seed: 9749821158490363233

785 SnakkuSnakku7 the Chucker (level 7, -3/61 HPs)
             Began as a Purple Draconian Arcane Marksman on Aug 7, 2021.
             Succumbed to a scorpion's poison
             ... on level 5 of the Dungeon.
             The game lasted 00:07:46 (5882 turns).

SnakkuSnakku7 the Chucker (DrAM)                    Turns: 5882, Time: 00:07:47

Health: -3/61      AC:  7    Str: 12      XL:     7   Next: 56%
Magic:  8/8        EV: 11    Int:  5 (13) God:
Gold:   349        SH:  0    Dex:  4 (14) Spells: 7/8 levels left

rFire    . . .     SeeInvis .   a - +0 flail
rCold    . . .     Faith    .   (no shield)
rNeg     . . .     Spirit   .   (armour unavailable)
rPois    .         Reflect  .   (helmet restricted)
rElec    .         Harm     .   (no cloak)
rCorr    +         Rampage  .   (no gloves)
Will     +....                  n - +0 pair of boots
Stlth    +.........             (no amulet)
HPRegen  0.20/turn              k - ring of resist corrosion
MPRegen  0.11/turn              e - ring of wizardry

@: lethally poisoned (-3 -> -13), very slow
A: breathe power, AC +6, unfitting armour, cold-blooded
a: Breathe Dispelling Energy


You were on level 5 of the Dungeon.
You visited 1 branch of the dungeon, and saw 5 of its levels.

You collected 349 gold pieces.

Inventory:

Hand Weapons
 a - a +0 flail (weapon)
 c - a +0 whip
Missiles
 b - a throwing net
 g - 15 poisoned darts (quivered)
 y - 5 javelins
Armour
 n - a +0 pair of boots (worn)
 w - a +0 tower shield
Jewellery
 e - a ring of wizardry (right hand)
 k - a ring of resist corrosion (left hand)
Wands
 q - a wand of flame (17)
Scrolls
 i - 3 scrolls of blinking {unknown}
 j - a scroll of magic mapping {unknown}
 l - a scroll of vulnerability {unknown}
 r - 2 scrolls of fear {unknown}
 s - 2 scrolls of teleportation {unknown}
 t - 2 scrolls of amnesia {unknown}
 v - a scroll of enchant weapon {unknown}
Potions
 d - a potion of degeneration {unknown}
 f - a potion of lignification {unknown}
 h - a potion of curing {unknown}
 m - a potion of cancellation {unknown}
 o - 2 potions of invisibility {unknown}
 p - a potion of haste {unknown}
 u - a potion of mutation {unknown}
 x - 2 potions of heal wounds {unknown}
 z - a potion of resistance {unknown}
 A - a potion of brilliance {unknown}


   Skills:
 - Level 5.2 Fighting
 + Level 2.8 Maces & Flails
 - Level 6.0 Throwing
 - Level 1.7 Dodging
 - Level 1.2 Spellcasting
 - Level 3.2 Hexes


You had 7 spell levels left.
You knew the following spells:

 Your Spells              Type           Power      Damage    Failure   Level
a - Corona                Hex            3%         N/A       4%          1

Your spell library contained the following spells:

 Spells                   Type           Power      Damage    Failure   Level
 Slow                     Hex            3%         N/A       8%          2
 Confusing Touch          Hex            3%         N/A       16%         3
 Magic Dart               Conj           0%         1d3       19%         1
 Call Imp                 Summ           0%         N/A       28%         2
 Static Discharge         Conj/Air       0%         N/A       28%         2
 Inner Flame              Hex/Fire       1%         N/A       28%         3
 Portal Projectile        Hex/Tloc       2%         N/A       28%         3
 Cause Fear               Hex            1%         N/A       43%         4
 Mephitic Cloud           Conj/Pois/Air  0%         N/A       47%         3
 Stone Arrow              Conj/Erth      0%         3d7       47%         3
 Vampiric Draining        Necr           0%         2d6       47%         3
 Dispel Undead            Necr           0%         3d6       86%         4
 Sticky Flame             Conj/Fire      0%         2d3       86%         4
 Yara's Violent Unravell  Hex/Tmut       0%         3d3       92%         5
 Bolt of Magma            Conj/Fire/Erth 0%         4d4       99%         5
 Shatter                  Erth           0%         3d5*      100%        9


Dungeon Overview and Level Annotations

Branches:
Dungeon (5/15)
 Temple: D:4-7

Altars:
Cheibriados
Elyvilon
Hepliaklqana
Yredelemnul

Shops:
D:3 =

Annotations:
D:5 1 runed translucent door, shadowrider38's ghost, novice MiBe


Innate Abilities, Weirdness & Mutations

You can breathe bolts of dispelling energy.
Your rich purple scales are hard. (AC +6)
You cannot fit into any form of body armour.
You are cold-blooded and may be slowed by cold attacks.


Message History

You closely miss the adder.
The adder is lightly wounded.
The adder closely misses you.
You sock the adder!
The adder is almost dead.
The adder closely misses you.
A scorpion comes into view.
The adder completely misses you.
You sock the adder!
You kill the adder!
The scorpion misses you. The scorpion barely misses you.
You hit the scorpion but do no damage. The scorpion stings you.
The scorpion barely misses you.
You closely miss the scorpion. The scorpion stings you.
You are poisoned.
The scorpion poisons you!
Unknown command.
You feel very sick.
You feel very sick.
The scorpion stings you but does no damage.
You feel sick.
You feel sick. The scorpion stings you.
You are more poisoned.
The scorpion poisons you!
You feel very sick. The scorpion stings you!
* * * LOW HITPOINT WARNING * * *
You feel very sick.
You feel sick. The scorpion closely misses you.
You feel sick.
You feel sick. The scorpion stings you.
* * * LOW HITPOINT WARNING * * *
You feel sick.
You feel sick.
You are no longer poisoned.
The scorpion stings you.
* * * LOW HITPOINT WARNING * * *
You are lethally poisoned!
The scorpion poisons you!
You die...

#.# ... ##.. #.# #<#
#.. #.#######.# #.#
#......##.####.#
######......#..#
###....#...##
#...###s...##### ##
#.#####.##.....#
###. ###.#
##.@######.######...
#...###.^##
#.......##..##
#.###...##
#.#####......#
#.....### #.#
####.#.. #######
###.### ##.#..
#8#.#8# ##....#
#.....# #...###
#.._..####.#.# >#
#.....#......#


You could see a scorpion.

Vanquished Creatures
  Grinder (D:5)
  An ogre (D:4)
  Blork the orc (D:4)
  A hound (D:5)
  An orc priest (D:5)
  A centaur zombie (D:5)
  Jessica (D:3)
  Natasha (thrice) (D:4)
  An orc wizard (D:4)
  A killer bee zombie (D:5)
  A howler monkey zombie (D:5)
  Robin (D:3)
  3 gnolls (D:2)
  4 adders
  A white imp (D:5)
  An ufetubus (D:5)
  An adder skeleton (D:4)
  A worm (D:4)
  2 dart slugs
  5 orcs
  6 ball pythons
  9 endoplasms
  4 giant cockroaches
  19 goblins
  8 hobgoblins
  4 jackals
  6 kobolds
  2 quokkas
  4 bats
  5 frilled lizards
  8 rats
107 creatures vanquished.

Notes
Turn   | Place    | Note
-------+----------+-------------------------------------------
     0 | D:1      | SnakkuSnakku7 the Draconian Arcane Marksman began the quest
                  | for the Orb.
     0 | D:1      | Reached XP level 1. HP: 16/16 MP: 2/2
    39 | D:1      | Reached skill level 2 in Throwing
   363 | D:1      | Reached XP level 2. HP: 22/23 MP: 3/3
   578 | D:1      | Reached skill level 3 in Throwing
   766 | D:1      | Reached XP level 3. HP: 15/28 MP: 4/4
  1594 | D:2      | Reached skill level 4 in Throwing
  1594 | D:2      | Reached XP level 4. HP: 33/35 MP: 5/5
  1921 | D:2      | Found a basalt altar of Yredelemnul.
  2422 | D:3      | Found Nianamn's Jewellery Shoppe.
  2515 | D:3      | Found a faded altar of an unknown god.
  2644 | D:3      | Noticed Jessica
  2650 | D:3      | Killed Jessica
  2651 | D:3      | Reached XP level 5. HP: 18/40 MP: 6/6
  2968 | D:4      | Noticed Robin
  3122 | D:3      | Killed Robin
  3123 | D:3      | Reached skill level 5 in Throwing
  3507 | D:4      | Noticed Natasha
  3522 | D:4      | Noticed an ogre
  3537 | D:4      | Killed an ogre
  3557 | D:4      | Killed Natasha
  3558 | D:4      | Reached XP level 6. HP: 19/47 MP: 7/7
  3573 | D:4      | Noticed Natasha
  3576 | D:4      | Killed Natasha
  3577 | D:4      | Reached skill level 6 in Throwing
  4130 | D:4      | Noticed Blork the orc
  4152 | D:4      | Killed Blork the orc
  4189 | D:4      | Found a snail-covered altar of Cheibriados.
  4191 | D:4      | Found a white marble altar of Elyvilon.
  4201 | D:4      | Noticed Natasha
  4517 | D:4      | Killed Natasha
  4663 | D:4      | Became a worshipper of Cheibriados the Contemplative
  4664 | D:4      | Fell from the grace of Cheibriados
  4729 | D:5      | Entered Level 5 of the Dungeon
  4752 | D:5      | Found a runed translucent door.
  4755 | D:5      | Noticed shadowrider38's ghost (novice MiBe)
  4838 | D:5      | Noticed Grinder
  4857 | D:5      | Killed Grinder
  4858 | D:5      | Reached skill level 5 in Fighting
  4858 | D:5      | Your scales start taking on a rich purple colour.
  4858 | D:5      | Reached XP level 7. HP: 16/61 MP: 8/8
  5393 | D:4      | Reached skill level 1 in Maces & Flails
  5546 | D:5      | Found a hazy altar of Hepliaklqana.
  5881 | D:5      | HP: 3/61 [poisoned by a scorpion]
  5881 | D:5      | HP: 1/61 [scorpion (2)]
  5882 | D:5      | Succumbed to a scorpion's poison

Illustrated notes

Levels and vault maps discovered:
D:1:      amcnicky_arrival_wind_blow, layout_basic, minivault_26
D:2:      layout_loops_ring, basic_altar
D:3:      layout_loops_cross, serial_shops, nicolae_square_shop,
          hellmonk_ecumenical_altar_run_dry, uniq_jessica
D:4:      layout_basic, jmf_multi_god_temple, uniq_natasha, uniq_blork_the_orc,
          uniq_robin
D:5:      layout_rooms, mainiacjoe_overflow_alcove_2,
          ebering_ghost_reflecting_pool, uniq_menkaure, uniq_grinder

Skill      XL: |  1  2  3  4  5  6  7 |
---------------+----------------------+-----
Throwing       | 2 3 4 5 6 |  6.0
Fighting       | 5 |  5.2
Hexes          | 3 |  3.2
Maces & Flails | 2 |  2.8
Dodging        | |  1.7
Spellcasting   | |  1.2

Action                   |  1- 3 |  4- 6 |  7- 9 || total
-------------------------+-------+-------+-------++-------
Melee: Whip              |   158 |   184 |     9 ||   351
       Unarmed           |     7 |       |       ||     7
       Tailslap          |    21 |    15 |     2 ||    38
       Flail             |       |       |    80 ||    80
Throw: Javelin           |     6 |     5 |       ||    11
       Dart              |     9 |    45 |       ||    54
       Throwing net      |       |     2 |       ||     2
Invok: Renounce Religion |       |     1 |       ||     1
 Abil: Breathe Dispellin |       |       |     1 ||     1
Evoke: Wand              |       |    10 |       ||    10
 Stab: Sleeping          |       |     3 |       ||     3
       Distracted        |       |     1 |       ||     1
Armor: Skin              |    58 |    68 |    49 ||   175
Dodge: Dodged            |   118 |   148 |    81 ||   347
